 Dungeon Crawl Stone Soup version 0.15-a0-1345-gc375f20 (webtiles) character file.

384 Arvee the Covert (level 6, -1/39 HPs)
             Began as an Octopode Assassin on June 8, 2014.
             Killed from afar by an orc wizard (11 damage)
             ... with a magic dart
             ... on Level 4 of the Dungeon.
             The game lasted 00:06:52 (3312 turns).

Arvee the Covert (Octopode Assassin)                Turns: 3312, Time: 00:06:52

HP  -1/39        AC  1     Str 10      XL: 6   Next: 77%
MP   6/6         EV 12     Int 13      God:
Gold 143         SH  0     Dex 16      Spells:  0 memorised,  5 levels left

rFire  . . .     SeeInvis .     a - +2 dagger
rCold  . . .     Clarity  .     (no shield)
rNeg   . . .     rCorr    .     (helmet restricted)
rPois  .         rRot     .     (no amulet)
rElec  .         Spirit   .     (no ring)
SustAb .         Warding  .     (no ring)
rMut   .         Stasis   .     (no ring)
Gourm  .                        (no ring)
MR     .....                    (no ring)
                                (no ring)
                                (no ring)
                                (no ring)

@: not resistant to hostile enchantments, very stealthy
A: almost no armour, amphibious, 8 rings, constrict 8, camouflage 1, gelatinous
body 1
a: no special abilities


You were on level 4 of the Dungeon.
You were not hungry.

You visited 1 branch of the dungeon, and saw 4 of its levels.

You collected 143 gold pieces.

Inventory:

Hand weapons
 a - a +2,+2 dagger (weapon)
 b - a +0 blowgun
Missiles
 e - 8 poisoned needles
 f - 2 curare-tipped needles
Armour
 s - a +0 shield
Magical devices
 q - a wand of enslavement (6) {unknown}
 v - a wand of slowing (6)
 w - a wand of random effects (12) {unknown}
Comestibles
 g - 3 bread rations
 k - 2 meat rations
 p - 3 beef jerkies
Scrolls
 c - 4 scrolls of blinking {unknown}
 h - 7 scrolls of identify {unknown}
 j - 5 scrolls of remove curse {unknown}
 l - a scroll of enchant weapon I {unknown}
 m - 2 scrolls of noise {unknown}
 o - 2 scrolls of fog {unknown}
 r - a scroll of teleportation {unknown}
 u - a scroll of enchant weapon II {unknown}
Jewellery
 n - an uncursed ring of wizardry {unknown}
Potions
 d - 8 potions of curing {unknown}
 i - 2 potions of haste {unknown}
Miscellaneous
 t - a plain deck of changes {drawn: 2}


   Skills:
 - Level 2.0 Fighting
 + Level 3.6 Short Blades
 - Level 2.0 Throwing
 - Level 1.0 Dodging
 - Level 10.0 Stealth


You had 5 spell levels left.
You didn't know any spells.

Dungeon Overview and Level Annotations

Branches:
Dungeon (4/15)
 Temple: D:4-7

Altars:
Cheibriados
Nemelex Xobeh
The Shining One


Innate Abilities, Weirdness & Mutations

You cannot wear most types of armour.
You are amphibious.
You can wear up to eight rings at the same time.
You can use your tentacles to constrict many enemies at once.
Your skin changes colour to match your surroundings (Stealth).
Your rubbery body absorbs attacks (AC +1).


Message History

The puff of frost hits you!
The orc wizard gestures at you while chanting.
The puff of flame hits you!
Things that are here:
a hand axe; a scale mail; an orc corpse You hit the orc wizard.
Your grab misses the orc wizard.
The orc wizard is lightly wounded.
The orc wizard gestures at you while chanting.
The puff of frost hits you!
You hit the orc wizard. You grab the orc wizard.
The orc wizard is moderately wounded.
You constrict the orc wizard.
The orc wizard escapes!
The orc barely misses you. The orc wizard hits you with a dagger.
* * * LOW HITPOINT WARNING * * *
You completely miss the orc wizard. Your grab misses the orc wizard.
The orc wizard is heavily wounded.
The orc hits you but does no damage.
The orc wizard gestures at you while chanting.
The magic dart hits you!
You die...

..# #..# #.#
#..# ### #.#
#..######.# #.#
#.........###
## #.#
##.######...#
#. #.# #.#
##.## #. #.#
#.# #.# #. #.#
#########)# #.#
#. ..#
.......o@o# #.#
#. ###
.########## #.#
#% ####### #
#.# #. .......
##8## #.######.
#########8...8
#.....[..
####....!
#########
#.#>......
######.##......
.......##8...8.


You could see an orc wizard and an orc.

Vanquished Creatures
  An orc priest (D:4)
  2 hounds
  A gnoll shaman (D:3)
  2 worker ants (D:4)
  An iguana (D:4)
  Jessica (D:3)
  5 gnolls
  3 adders
  A worm (D:2)
  3 giant geckos
  6 orcs
  A ball python (D:3)
  6 giant cockroaches
  9 goblins
  10 hobgoblins
  10 jackals
  12 bats
  A goblin skeleton (D:4)
  8 kobolds
  A kobold skeleton (D:4)
  A quokka (D:3)
  7 rats
92 creatures vanquished.

Notes
Turn   | Place    | Note
--------------------------------------------------------------
     0 | D:1      | Arvee, the Octopode Assassin, began the quest for the Orb.
     0 | D:1      | Reached XP level 1. HP: 14/14 MP: 1/1
   172 | D:1      | Reached XP level 2. HP: 14/19 MP: 2/2
   228 | D:1      | Reached skill level 6 in Stealth
   547 | D:1      | Reached XP level 3. HP: 24/24 MP: 3/3
   775 | D:2      | Reached skill level 7 in Stealth
  1148 | D:3      | Reached XP level 4. HP: 26/29 MP: 4/4
  1188 | D:3      | Reached skill level 8 in Stealth
  1869 | D:4      | Reached XP level 5. HP: 9/34 MP: 5/5
  2191 | D:3      | Found a sparkling altar of Nemelex Xobeh.
  2197 | D:3      | Reached skill level 9 in Stealth
  2503 | D:3      | Noticed Jessica
  2505 | D:3      | Killed Jessica
  2505 | D:3      | Reached XP level 6. HP: 32/39 MP: 6/6
  2570 | D:3      | Found a snail-covered altar of Cheibriados.
  2577 | D:3      | Reached skill level 10 in Stealth
  3192 | D:4      | Found a glowing golden altar of the Shining One.
  3312 | D:4      | Killed from afar by an orc wizard

Action                   |  1- 3 |  4- 6 || total
-------------------------+-------+-------++-------
Melee: Dagger            |    69 |   136 ||   205
Evoke: Deck              |       |     2 ||     2
 Stab: Sleeping          |     8 |    12 ||    20
       Distracted        |     1 |     1 ||     2
